 Dungeon Crawl Stone Soup version 0.17-a0-435-gc4df345 (webtiles) character file.

78 Hanyuu the Skirmisher (level 4, -8/30 HPs)
             Began as a Gargoyle Fighter on Apr 5, 2015.
             Killed by nerve-wracking pain
             ... invoked by Grinder
              (14 damage)
             ... on level 3 of the Dungeon.
             The game lasted 00:07:42 (1953 turns).

Hanyuu the Skirmisher (Gargoyle Fighter)            Turns: 1953, Time: 00:07:42

Health: -8/30      AC: 10    Str: 20    XL:     4   Next: 36%
Magic:  4/4        EV: 14    Int:  9    God:
Gold:   152        SH:  0    Dex:  9    Spells: 0 memorised, 3 levels left

rFire  . . .     SeeInvis .     a - +0 flail
rCold  . . .     Clarity  .     q - +0 ring mail
rNeg   + . .     SustAb   .     (no shield)
rPois  ∞         Gourm    +     (no helmet)
rElec  +         Spirit   .     (no cloak)
rCorr  .         Warding  .     (no gloves)
rMut   .         Stasis   .     B - +0 pair of boots
MR     .....                    j - amulet of the gourmand
Stlth  ..........               C - ring of loudness (curse)
                                s - +4 ring of evasion

@: not resistant to hostile enchantments, extremely unstealthy
A: negative energy resistance 1, electricity resistance, unbreathing,
petrification resistance, rot immunity, AC +3
a: no special abilities


You were on level 3 of the Dungeon.
You were full.

You visited 1 branch of the dungeon, and saw 3 of its levels.

You collected 152 gold pieces.

Inventory:

Hand weapons
 a - a +0 flail (weapon)
 y - a +0 whip
 z - a +0 blowgun
Missiles
 n - 4 exploding tomahawks
 v - 4 curare-tipped needles
 w - 25 poisoned needles (quivered)
Armour
 b - a +0 scale mail
 c - a +0 shield
 k - a +0 leather armour
 q - a +0 ring mail (worn)
 B - a +0 pair of boots (worn)
Jewellery
 h - an uncursed amulet of resist corrosion
 j - an amulet of the gourmand (around neck)
 s - a +4 ring of evasion (left hand)
 C - a cursed ring of loudness (right hand)
Scrolls
 i - a scroll of teleportation {unknown}
 p - a scroll of identify
 t - a scroll of recharging {unknown}
 x - a scroll of magic mapping {unknown}
 A - a scroll of random uselessness {unknown}
 D - a scroll of noise {unknown}
Potions
 e - a potion of might
 f - a potion of cancellation
 g - a potion of mutation {unknown}
 l - a potion of brilliance {unknown}
 u - a potion of restore abilities {unknown}
Comestibles
 d - 2 bread rations
 m - a royal jelly
 o - a beef jerky


   Skills:
 + Level 4.4 Fighting
 * Level 3.5 Maces & Flails
 - Level 3.2 Armour
 - Level 3.2 Shields


You had 3 spell levels left.
You didn't know any spells.

Dungeon Overview and Level Annotations

Branches:
Dungeon (3/15)

Altars:

Annotations:
D:3 Grinder


Innate Abilities, Weirdness & Mutations

You are resistant to torment.
Your stone body is resilient (AC +3).
You are immune to poison.
You resist negative energy.
You are resistant to electric shocks.
You can survive without breathing.
You are immune to petrification.
You are immune to rotting.


Message History

* * * LOW HITPOINT WARNING * * *
You are too injured to fight recklessly!
You are too injured to fight recklessly!
You are too injured to fight recklessly!
You barely miss Grinder.
Grinder is heavily wounded.
Grinder hits you but does no damage. Grinder closely misses you.
You hit Grinder but do no damage.
Grinder is heavily wounded.
Grinder gestures.
Grinder blinks!
The giant gecko bites you but does no damage.
You closely miss the giant gecko.
Grinder is no longer moving quickly.
The giant gecko misses you. x2
You barely miss the giant gecko. The giant gecko closely misses you.
Your ring mail prevents you from hitting the giant gecko.
The giant gecko barely misses you. Grinder gestures at you.
Pain shoots through your body!
You die...

≈≈§§≈ #.......#... ≈§≈≈≈≈
#...........
≈≈§≈§≈#####............
..(....'.....†...........
...§§..'......#...........
§≈≈≈§≈≈##.....#....#.......
≈§§§≈ ##..................
≈≈§≈ #.)..l..............
≈≈≈ #.....@...........#
#...........).....#
#.......5.........#
######..............#
...###..............#
......................
#..........(...........
#...........(.........
##......)...>....#...


You could see Grinder and a giant gecko.

Vanquished Creatures
  An adder (D:3)
  3 worms
  2 giant geckos (D:2)
  An ooze (D:1)
  5 bats
  3 giant cockroaches (D:1)
  5 goblins
  2 hobgoblins (D:2)
  2 quokkas (D:3)
  5 giant newts
  14 kobolds
  5 rats
48 creatures vanquished.

Notes
Turn   | Place    | Note
--------------------------------------------------------------
     0 | D:1      | Hanyuu, the Gargoyle Fighter, began the quest for the Orb.
     0 | D:1      | Reached XP level 1. HP: 14/14 MP: 1/1
   330 | D:1      | Reached XP level 2. HP: 19/19 MP: 2/2
   879 | D:2      | Reached skill level 4 in Fighting
   879 | D:2      | Reached XP level 3. HP: 21/24 MP: 3/3
  1737 | D:3      | Reached XP level 4. HP: 20/30 MP: 4/4
  1900 | D:3      | Noticed Grinder
  1900 | D:3      | Paralysed by Grinder for 6 turns
  1913 | D:3      | Paralysed by Grinder for 6 turns
  1927 | D:3      | Paralysed by Grinder for 4 turns
  1953 | D:3      | Killed from afar by Grinder

Action                   |  1- 3 |  4- 6 || total
-------------------------+-------+-------++-------
Melee: Flail             |   135 |    33 ||   168
       Whip              |    26 |     3 ||    29
 Fire: Blowgun           |       |     2 ||     2
  Use: Scroll            |     2 |       ||     2
       Potion            |       |     4 ||     4
  Eat: Chunk             |     7 |     2 ||     9
